 Dungeon Crawl Stone Soup version 0.26-a0-53-g45f243fec8 (webtiles) character file.

Game seed: 4210603006472318556

2412 Majang the Slicer (level 9, -4/74 HPs)
             Began as a Gnoll Wanderer on June 7, 2020.
             Was a Priest of Ru.
             Slain by Harold
             ... wielding a +0 vorpal glaive
              (9 damage)
             ... on level 7 of the Dungeon.
             The game lasted 00:25:31 (6616 turns).

Majang the Slicer (Gnoll Wanderer)                  Turns: 6616, Time: 00:25:33

Health: -4/74      AC: 12    Str: 19    XL:     9   Next: 47%
Magic:  15/15      EV: 13    Int: 15    God:    Ru [***...]
Gold:   275        SH:  0    Dex: 13    Spells: 16/16 levels left

rFire    . . .     SeeInvis .   a - +7 halberd
rCold    . . .     Gourm    .   (shield currently unavailable)
rNeg     . . .     Faith    .   v - +2 ring mail
rPois    +         Spirit   .   (no helmet)
rElec    .         Reflect  .   l - +0 cloak
rCorr    .         Harm     .   o - +0 pair of gloves
MR       .....                  m - +2 pair of boots {run}
Stlth    ++........             (no amulet)
HPRegen  0.22/turn              (no ring)
MPRegen  0.14/turn              e - ring of poison resistance

@: lethally poisoned (-4 -> -6), marked, quick
A: distributed training, fangs 1, inability to use devices, inability to train
armour, strong nose
a: Draw Out Power, Renounce Religion


You were on level 7 of the Dungeon.
You worshipped Ru.
Ru was most pleased with you.
You were not hungry.

You visited 1 branch of the dungeon, and saw 7 of its levels.

You collected 275 gold pieces.

Inventory:

Hand Weapons
 a - a +7 halberd (weapon)
 b - a +0 shortbow
 n - a +3 trident
 u - a +2 quarterstaff of chaos
Missiles
 j - 23 bolts
 p - 48 arrows
 r - 6 boomerangs (quivered)
 t - 2 silver boomerangs
Armour
 l - a +0 cloak (worn)
 m - a +2 pair of boots of running (worn)
 o - a +0 pair of gloves (worn)
 v - a +2 ring mail (worn)
 w - +0 swamp dragon scales
Jewellery
 e - a ring of poison resistance (right hand)
Scrolls
 c - 2 scrolls of teleportation
 i - a scroll of immolation
 q - a scroll of remove curse
 x - a scroll of blinking
Potions
 d - 2 potions of might {unknown}
 g - a potion of magic {unknown}
 s - 2 potions of haste
 z - a potion of heal wounds
Comestibles
 f - 10 rations


   Skills:
 + Level 7.9 Fighting
 + Level 9.5 Short Blades
 + Level 4.2 Long Blades
 + Level 4.2 Axes
 + Level 4.2 Maces & Flails
 + Level 4.2 Polearms
 + Level 4.2 Staves
 + Level 4.2 Slings
 + Level 4.2 Bows
 + Level 4.2 Crossbows
 + Level 4.2 Throwing
   Level 0.0 Armour
 + Level 4.2 Dodging
 + Level 6.0 Stealth
 + Level 5.0 Shields
 + Level 4.2 Unarmed Combat
 + Level 4.2 Spellcasting
 + Level 3.4 Conjurations
 + Level 3.4 Hexes
 + Level 3.4 Charms
 + Level 3.4 Summonings
 + Level 3.4 Necromancy
 + Level 3.4 Translocations
 + Level 3.4 Transmutations
 + Level 3.4 Fire Magic
 + Level 3.4 Ice Magic
 + Level 3.4 Air Magic
 + Level 3.4 Earth Magic
 + Level 3.4 Poison Magic
 + Level 4.6 Invocations
   Level 0.0 Evocations


You had 16 spell levels left.
You didn't know any spells.
Your spell library was empty.

Dungeon Overview and Level Annotations

Branches:
Dungeon (7/15)             Temple (0/1) D:4

Altars:
Makhleb
Nemelex Xobeh
Qazlal
Ru
Uskayaw
Xom
Yredelemnul
Zin
Beogh

Annotations:
D:7 Harold


Innate Abilities, Weirdness & Mutations

Your experience applies equally to all skills.
You have very sharp teeth.
You cannot study or use magical devices.
You cannot train Armour skill.
Your uncanny sense of smell can sniff out nearby items.


Message History

You feel sick. The worker ant closely misses you.
Harold begins to cast a spell, but is stunned by your will!
You slash the worker ant!
You kill the worker ant!
You feel sick.
Harold hits you with a +0 vorpal glaive!!
* * * LOW HITPOINT WARNING * * *
x2 You impale Harold!!
Harold is severely wounded.
You feel sick. Harold gestures at you while chanting.
The mark upon you grows brighter.
You barely miss Harold. You bite Harold, but do no damage.
Harold is severely wounded.
You feel sick. The hippogriff misses you. The hippogriff pecks you.
* * * LOW HITPOINT WARNING * * *
The hippogriff claws you.
* * * LOW HITPOINT WARNING * * *
Harold hits you with a +0 vorpal glaive!
You die...

#...... #..).. ########
. #....# #...#... ..
#..[.#######...#...
...###..........#...#...
#>.............'...).[.
##....H.........#...#...
#....(@@(.(.....#...####
............#########
.............#
...............
.................
.................W.
...................
...................
.............##


You could see Harold and a hippogriff.

Vanquished Creatures
  The ghost of MordorOrchid the Thaumaturge, a novice GnWn (D:5)
  Maggie (D:6)
  Sigmund (D:6)
  2 hungry ghosts
  Duvessa (D:6)
  2 ice beasts
  An orc warrior (D:7)
  An ogre (D:7)
  A centaur (D:6)
  A bullfrog (D:6)
  Blork the orc (D:6)
  Dowan (D:6)
  A killer bee (D:5)
  A crimson imp (D:6)
  2 hounds
  Crazy Yiuf (D:2)
  6 orc priests
  An orc wizard (D:7)
  An iguana (D:6)
  2 worker ants (D:7)
  A hound zombie (D:6)
  A hound skeleton (D:7)
  A howler monkey zombie (D:7)
  2 adders
  An ooze (D:2)
  3 worms
  A dart slug (D:1)
  2 leopard geckos (D:4)
  22 orcs
  11 bats
  3 giant cockroaches
  5 goblins
  3 hobgoblins
  3 jackals (D:5)
  4 kobolds
  2 quokkas (D:2)
  8 frilled lizards
  A jackal skeleton (D:6)
  5 rats
108 creatures vanquished.

Vanquished Creatures (others)
  A hound (D:5)
  2 orcs
3 creatures vanquished.

Grand Total: 111 creatures vanquished

Notes
Turn   | Place    | Note
-------+----------+-------------------------------------------
     0 | D:1      | Majang the Gnoll Wanderer began the quest for the Orb.
     0 | D:1      | Majang set off with the following items: a +2 dagger, a
                  | potion of haste, a scroll of teleportation, a +0 short
                  | sword, a +0 robe, a ration
     0 | D:1      | Reached XP level 1. HP: 23/23 MP: 1/1
   184 | D:1      | Reached XP level 2. HP: 25/29 MP: 2/2
   842 | D:1      | Reached XP level 3. HP: 34/35 MP: 3/3
   858 | D:1      | Found a shadowy altar of Dithmenos.
   860 | D:1      | Found a shimmering altar of Xom.
   860 | D:1      | Found a radiant altar of Vehumet.
   862 | D:1      | Found a shimmering altar of Xom.
   862 | D:1      | Found a blossoming altar of Fedhas.
   862 | D:1      | Found a snail-covered altar of Cheibriados.
  1122 | D:2      | Found a sacrificial altar of Ru.
  1130 | D:2      | Became a worshipper of Ru the Awakened
  1289 | D:2      | Reached skill level 1 in Invocations
  1682 | D:2      | Found a runed translucent door.
  1683 | D:2      | Noticed Crazy Yiuf
  1695 | D:2      | Killed Crazy Yiuf
  1695 | D:2      | Reached skill level 1 in Long Blades
  1695 | D:2      | Reached skill level 1 in Axes
  1695 | D:2      | Reached skill level 1 in Maces & Flails
  1695 | D:2      | Reached skill level 1 in Polearms
  1695 | D:2      | Reached skill level 1 in Staves
  1695 | D:2      | Reached skill level 1 in Slings
  1695 | D:2      | Reached skill level 1 in Bows
  1695 | D:2      | Reached skill level 1 in Crossbows
  1695 | D:2      | Reached skill level 1 in Throwing
  1695 | D:2      | Reached skill level 1 in Armour
  1695 | D:2      | Reached skill level 1 in Dodging
  1695 | D:2      | Reached skill level 1 in Unarmed Combat
  1695 | D:2      | Reached skill level 1 in Spellcasting
  1695 | D:2      | Reached skill level 1 in Evocations
  1695 | D:2      | Reached XP level 4. HP: 8/41 MP: 5/5
  2448 | D:3      | Found a hide-covered altar of Uskayaw.
  2499 | D:3      | Gained mutation: You cannot study or use magical devices.
                  | [Ru sacrifice]
  2499 | D:3      | Reached * piety under Ru
  2499 | D:3      | Reached ** piety under Ru
  2727 | D:3      | Reached skill level 1 in Conjurations
  2727 | D:3      | Reached skill level 1 in Hexes
  2727 | D:3      | Reached skill level 1 in Charms
  2727 | D:3      | Reached skill level 1 in Summonings
  2727 | D:3      | Reached skill level 1 in Necromancy
  2727 | D:3      | Reached skill level 1 in Translocations
  2727 | D:3      | Reached skill level 1 in Transmutations
  2727 | D:3      | Reached skill level 1 in Fire Magic
  2727 | D:3      | Reached skill level 1 in Ice Magic
  2727 | D:3      | Reached skill level 1 in Air Magic
  2727 | D:3      | Reached skill level 1 in Earth Magic
  2727 | D:3      | Reached skill level 1 in Poison Magic
  3058 | D:4      | Identified a +2 pair of boots of running (You found it on
                  | level 4 of the Dungeon)
  3168 | D:4      | Reached XP level 5. HP: 41/47 MP: 5/7
  3419 | D:4      | Found a staircase to the Ecumenical Temple.
  3820 | D:5      | Entered Level 5 of the Dungeon
  3996 | D:5      | Noticed an ice beast
  4005 | D:5      | Killed an ice beast
  4005 | D:5      | Reached XP level 6. HP: 37/53 MP: 8/8
  4415 | D:5      | Found a basalt altar of Yredelemnul.
  4515 | D:5      | Found a runed translucent gate.
  4515 | D:5      | Noticed MordorOrchid's ghost (novice GnWn)
  4516 | D:5      | Found a runed translucent gate.
  4517 | D:5      | Found a runed translucent gate.
  4573 | D:5      | Killed MordorOrchid's ghost
  4573 | D:5      | Reached skill level 9 in Short Blades
  4573 | D:5      | Reached skill level 5 in Stealth
  4573 | D:5      | Reached XP level 7. HP: 37/60 MP: 9/11
  4873 | D:5      | Found a roughly hewn altar of Beogh.
  5072 | D:6      | Found a sparkling altar of Nemelex Xobeh.
  5072 | D:6      | Noticed Duvessa
  5072 | D:6      | Noticed Dowan
  5149 | D:6      | Killed Duvessa
  5149 | D:6      | Reached XP level 8. HP: 34/67 MP: 12/12
  5150 | D:6      | Killed Dowan
  5410 | D:6      | Noticed Maggie
  5427 | D:6      | Killed Maggie
  5620 | D:6      | Noticed Sigmund
  5634 | D:6      | Killed Sigmund
  5779 | D:6      | Found a glowing silver altar of Zin.
  5780 | D:6      | Gained mutation: You cannot train Armour skill. [Ru
                  | sacrifice]
  5780 | D:6      | Reached *** piety under Ru
  5830 | D:6      | Reached XP level 9. HP: 66/72 MP: 14/14
  5892 | D:6      | Found a burning altar of Makhleb.
  6031 | D:6      | Noticed Blork the orc
  6040 | D:6      | Killed Blork the orc
  6041 | D:6      | Found a stormy altar of Qazlal.
  6592 | D:7      | Noticed Harold
  6605 | D:7      | Reached skill level 5 in Shields
  6616 | D:7      | Slain by Harold

Illustrated notes

Levels and vault maps discovered:
D:1:      lightli_arrival_farm, layout_basic, doesnt_xom_only_xom
D:2:      layout_rooms, serial_forest, infiniplex_forest_zigzag_1,
          infiniplex_forest_straight_2, infiniplex_forest_clump_long,
          infiniplex_forest_clump_diagonal, infiniplex_forest_end_2,
          infiniplex_forest_lined_corner, nicolae_ru_sacrificial_ziggurat,
          uniq_crazy_yiuf_cottage
D:3:      layout_loops_ring, eat_drink_and_be_merry_uskayaw,
          kennysheep_generic_room_11
D:4:      layout_gridville, minmay_temple_entry_proselytizer, first_ration
D:5:      layout_gridville, basic_altar, biasface_ghost_orc_armoury,
          serial_bayou_pond_d
D:6:      layout_basic, kennysheep_mini_moat, lemuel_round_altar, basic_altar,
          minmay_strange_pillars, st_stairs_1, makhleb_heckhound_becter,
          uniq_sigmund, uniq_blork_the_orc, uniq_maggie, uniq_duvessa
D:7:      layout_basic, uniq_harold

Skill      XL: |  1  2  3  4  5  6  7  8  9 |
---------------+----------------------------+-----
Invocations    | 1 2 3 4 |  4.6
Long Blades    | 1 2 3 4 |  4.2
Axes           | 1 2 3 4 |  4.2
Maces & Flails | 1 2 3 4 |  4.2
Polearms       | 1 2 3 4 |  4.2
Staves         | 1 2 3 4 |  4.2
Slings         | 1 2 3 4 |  4.2
Bows           | 1 2 3 4 |  4.2
Crossbows      | 1 2 3 4 |  4.2
Throwing       | 1 2 3 4 |  4.2
Armour         | 1 2 0 |  0.0
Dodging        | 1 2 3 4 |  4.2
Unarmed Combat | 1 2 3 4 |  4.2
Spellcasting   | 1 2 3 4 |  4.2
Evocations     | 1 0 |  0.0
Conjurations   | 1 2 3 |  3.4
Hexes          | 1 2 3 |  3.4
Charms         | 1 2 3 |  3.4
Summonings     | 1 2 3 |  3.4
Necromancy     | 1 2 3 |  3.4
Translocations | 1 2 3 |  3.4
Transmutations | 1 2 3 |  3.4
Fire Magic     | 1 2 3 |  3.4
Ice Magic      | 1 2 3 |  3.4
Air Magic      | 1 2 3 |  3.4
Earth Magic    | 1 2 3 |  3.4
Poison Magic   | 1 2 3 |  3.4
Shields        | 3 4 5 |  5.0
Fighting       | 7 |  7.9
Short Blades   | 9 |  9.5
Stealth        | 5 6 |  6.0

Action                   |  1- 3 |  4- 6 |  7- 9 || total
-------------------------+-------+-------+-------++-------
Melee: Dagger            |    84 |       |       ||    84
       Bite              |    12 |    11 |    14 ||    37
       Short sword       |    18 |       |       ||    18
       Quarterstaff      |       |   134 |    14 ||   148
       Halberd           |       |       |   114 ||   114
 Fire: Shortbow          |       |     4 |    36 ||    40
Invok: Sacrifice Artific |       |     1 |       ||     1
       Sacrifice Durabil |       |       |     1 ||     1
  Use: Scroll            |     2 |     3 |     2 ||     7
       Potion            |     1 |     3 |       ||     4
 Stab: Sleeping          |     9 |     2 |     2 ||    13
       Petrifying        |       |     1 |       ||     1
       Invisible         |       |       |     1 ||     1
       Distracted        |       |       |     1 ||     1
  Eat: Chunk             |     2 |     8 |     8 ||    18
       Ration            |       |       |     2 ||     2
Armor: Robe              |    13 |       |       ||    13
       Scale mail        |    11 |    71 |     3 ||    85
       Leather armour    |     3 |       |       ||     3
       Ring mail         |       |       |    54 ||    54
Dodge: Dodged            |    54 |    69 |    79 ||   202

Table legend:
 A = Non-vault XP
 B = Vault XP
 C = Vault XP percentage of total XP
 D = Non-vault monster count
 E = Vault monster count
 F = Vault count percentage of total count
                 A         B        C        D         E       F
            +---------+---------+-------+---------+---------+-------
      Total |    1787 |    1659 |  48.1 |      91 |      20 |  18.0
            +---------+---------+-------+---------+---------+-------
        D:1 |      34 |       0 |   0.0 |      21 |       0 |   0.0
        D:2 |      37 |      41 |  52.6 |      10 |       1 |   9.1
        D:3 |      26 |       1 |   3.7 |      14 |       1 |   6.7
        D:4 |      91 |      41 |  31.1 |      14 |       1 |   6.7
        D:5 |     208 |     644 |  75.6 |       7 |      11 |  61.1
        D:6 |     505 |     932 |  64.9 |       8 |       6 |  42.9
        D:7 |     886 |       0 |   0.0 |      17 |       0 |   0.0
            +---------+---------+-------+---------+---------+-------
